 Dungeon Crawl Stone Soup version 0.21.1-1-g345015fe64 (webtiles) character file.

33 Oravi the Vandal (level 3, -5/24 HPs)
             Began as a Halfling Hunter on Apr 18, 2018.
             Slain by Sigmund
             ... wielding a +0 scythe
              (11 damage)
             ... on level 2 of the Dungeon.
             The game lasted 00:03:02 (1079 turns).

Oravi the Vandal (Halfling Hunter)                  Turns: 1079, Time: 00:03:03

Health: -5/24      AC:  4    Str: 17 (18) XL:     3   Next: 47%
Magic:  3/3        EV: 14    Int:  9 (12) God:
Gold:   92         SH:  0    Dex: 13 (15) Spells: 2/2 levels left

rFire    . . .     SeeInvis .   a - +1 hunting sling
rCold    . . .     Gourm    .   (shield restricted)
rNeg     . . .     Faith    .   c - +0 leather armour
rPois    .         Spirit   .   r - +0 hat
rElec    .         Reflect  .   (no cloak)
rCorr    .         Harm     .   p - +0 pair of gloves
MR       .....                  (no boots)
Stlth    +.........             (no amulet)
HPRegen  0.08/turn              e - +3 ring of intelligence
MPRegen  0.08/turn              (no ring)

@: mighty, flying
A: small, mutation resistance 1
a: no special abilities


You were on level 2 of the Dungeon.
You were not hungry.

You visited 1 branch of the dungeon, and saw 2 of its levels.

You collected 92 gold pieces.

Inventory:

Hand Weapons
 a - a +1 hunting sling (weapon)
 b - a +0 short sword
Missiles
 d - 9 sling bullets (quivered)
 i - 52 stones
Armour
 c - a +0 leather armour (worn)
 p - a +0 pair of gloves (worn)
 r - a +0 hat (worn)
Jewellery
 e - a +3 ring of intelligence (left hand)
 h - an uncursed ring of fire
 k - an uncursed amulet of the gourmand {unknown}
 o - a +2 ring of protection {unknown}
Scrolls
 l - 2 scrolls of remove curse {unknown}
 m - 2 scrolls of magic mapping {unknown}
 n - 4 scrolls of identify {unknown}
Potions
 u - a potion of experience {unknown}
Comestibles
 f - 4 rations
 j - 8 chunks of flesh


   Skills:
 - Level 1.7 Fighting
 * Level 0.6 Short Blades
 + Level 6.8 Slings
 + Level 1.3 Armour
 + Level 2.2 Dodging
 - Level 1.1 Stealth


You had 2 spell levels left.
You didn't know any spells.

Dungeon Overview and Level Annotations

Branches:
Dungeon (2/15)

Altars:

Annotations:
D:2 Sigmund


Innate Abilities, Weirdness & Mutations

You are small and have problems with some larger weapons.
You are somewhat resistant to further mutation.


Message History

Firing (i - inventory. (,) - cycle):
d - 11 sling bullets (quivered)
Press: ? - help, Shift-Dir - straight line You shoot a sling bullet.
Firing (i - inventory. (,) - cycle):
d - 10 sling bullets (quivered)
Press: ? - help, Shift-Dir - straight line You shoot a sling bullet.
Something hits you!
* * * LOW HITPOINT WARNING * * *
Okay, then.
It was a potion of curing.
You feel better. Something hits you!
* * * LOW HITPOINT WARNING * * *
It was a potion of degeneration.
There was something very wrong with that liquid.
You feel weakened.
You feel dopey.
You feel clumsy.
It was a potion of flight.
You feel very buoyant.
You fly up into the air.
Something completely misses you.
It was a potion of might.
You feel very mighty all of a sudden. Something hits you!
You die...

..... ## #...###### #..
#....<)..##
#############.######.(.......##
.#..........##....@((.......!..#
.#..............# ###..........#
............##.# #..........#
...............######..........#
...P............@.{....(.!.....#
PPP..............#####........##
..P.........####.# #..........#
..♣♣♣..###### #.# #..........#
.♣P♣.....# #.# #..........#
..P....#.## #.# #..........#
##..P.P#..# ..# ...........#
##.P♣♣P.#.# .## ♣♣♣♣♣.....$##
##P♣♣♣♣...#


There were no monsters in sight!

Vanquished Creatures
  An adder (D:2)
  A dart slug (D:1)
  2 leopard geckos
  3 bats
  6 hobgoblins (D:1)
  2 quokkas (D:2)
  A ball python (D:2)
  3 kobolds
19 creatures vanquished.

Notes
Turn   | Place    | Note
-------+----------+-------------------------------------------
     0 | D:1      | Oravi the Halfling Hunter began the quest for the Orb.
     0 | D:1      | Reached XP level 1. HP: 14/14 MP: 1/1
     8 | D:1      | Reached skill level 6 in Slings
   143 | D:1      | Reached XP level 2. HP: 19/19 MP: 2/2
   828 | D:2      | Noticed Sigmund
   875 | D:2      | Reached skill level 1 in Armour
   875 | D:2      | Reached XP level 3. HP: 19/24 MP: 3/3
  1079 | D:2      | Slain by Sigmund

Skill      XL: |  1  2 |
---------------+-------+-----
Slings         | 6 |  6.8
Armour         | 1 |  1.3
Fighting       | |  1.7
Short Blades   | |  0.6
Dodging        | |  2.2
Stealth        | |  1.1

Action                   || total
-------------------------++-------
 Fire: Hunting sling     ||    63
  Use: Potion            ||     4
Armor: Leather armour    ||     3
Dodge: Dodged            ||    12
